 Dungeon Crawl Stone Soup version 0.31-a0-858-g469dc525a8 (webtiles) character file.

Game seed: 12525813927620887197

3551 EiAlmux the Thaumaturge (level 9, -7/48 HPs)
             Began as a Deep Elf Conjurer on Oct 9, 2023.
             Was a Priest of Vehumet.
             Killed from afar by an electric eel (9 damage)
             ... with a bolt of electricity
             ... on level 8 of the Dungeon.
             The game lasted 00:20:17 (9853 turns).

EiAlmux the Thaumaturge (Deep Elf Conjurer)         Turns: 9853, Time: 00:20:17

Health: -7/48      AC:  4    Str:  6    XL:     9   Next: 83%
Magic:  12/25      EV: 13    Int: 26    God:    Vehumet [***...]
Gold:   634        SH:  5    Dex: 13    Spells: 12/28 levels left

rFire   . . .        j - +1 mace "Kanisu" {freeze, Fly rPois}
rCold   . . .        (no shield)
rNeg    . . .        a - +0 robe
rPois   +            o - +0 helmet
rElec   .            (no cloak)
rCorr   .            u - +0 pair of gloves
SInv    .            (no boots)
Will    .....        f - amulet of reflection
Stlth   +++          (no ring)
HPRegen 0.28/turn    (no ring)
MPRegen 0.19/turn

%: reflection
@: flying
A: no striking features
a: Renounce Religion


You were on level 8 of the Dungeon.
You worshipped Vehumet.
Vehumet was most pleased with you.
You visited 1 branch of the dungeon, and saw 8 of its levels.

You collected 838 gold pieces.
You spent 204 gold pieces at shops.

Inventory:

Hand Weapons
 d - a +0 dagger
 j - the +1 mace "Kanisu" (weapon) {freeze, Fly rPois}
   (You took it off a hobgoblin on level 2 of the Dungeon)

   rPois:     It protects you from poison Fly: It grants you flight.
 H - the +8 spear of Wezxejoo {flame, Contam rN++ rCorr Str-2}
   (You found it on level 7 of the Dungeon)

   Str-2:     It affects your strength (-2).
   rN++:      It greatly protects you from negative energy.
   Contam:    It causes magical contamination when unequipped.
   rCorr:     It protects you from acid and corrosion.
Missiles
 w - 3 throwing nets
Armour
 a - a +0 robe (worn)
 o - a +0 helmet (worn)
 u - a +0 pair of gloves (worn)
 C - the +0 robe of Mukhluz {Rampage *Slow rElec}
   (You bought it in a shop on level 7 of the Dungeon)

   rElec:     It insulates you from electricity.
   *Slow:     It may slow you when you take damage.
   Rampage:   It bestows one free step when moving towards enemies.
Magical Staves
 A - a staff of death
Jewellery
 f - an amulet of reflection (around neck)
Wands
 h - a wand of flame (45)
 n - a wand of roots (12)
 t - a wand of charming (9)
 y - a wand of polymorph (9)
Scrolls
 g - a scroll of fog {unknown}
 l - a scroll of blinking {unknown}
 q - 3 scrolls of teleportation
 r - a scroll of enchant weapon {unknown}
 v - a scroll of noise
 z - a scroll of enchant armour {unknown}
 D - a scroll of revelation {unknown}
 G - a scroll of immolation {unknown}
 I - a scroll of amnesia {unknown}
 J - a scroll of vulnerability {unknown}
Potions
 b - a potion of magic
 c - 2 potions of curing
 e - 4 potions of mutation
 i - a potion of lignification {unknown}
 k - 3 potions of cancellation
 m - 2 potions of invisibility
 p - 2 potions of attraction
 s - a potion of degeneration {unknown}
 x - 3 potions of brilliance {unknown}
 B - a potion of experience {unknown}
 E - a potion of haste {unknown}
 F - 2 potions of heal wounds {unknown}


   Skills:
 - Level 2.0 Fighting
 - Level 4.0 Armour
 - Level 5.0 Dodging
 - Level 5.0 Stealth
 + Level 10.2 Spellcasting
 + Level 9.3 Conjurations
 - Level 5.0 Hexes
 - Level 2.0 Translocations
 - Level 3.0 Earth Magic


You had 12 spell levels left.
You knew the following spells:

 Your Spells              Type           Power      Damage    Failure   Level
a - Stone Arrow           Conj/Erth      90%        3d12      1%          3
b - Searing Ray           Conj           100%       2d8       1%          2
c - Fulminant Prism       Conj/Hex       25%        3d14      1%          4
d - Iskenderun's Mystic   Conj/Tloc      42%        2d10      1%          4
e - Blink                 Tloc           46%        N/A       3%          2
f - Magic Dart            Conj           100%       1d8       1%          1

Your spell library contained the following spells:

 Spells                   Type           Power      Damage    Failure   Level
 Poisonous Vapours        Pois/Air       26%        N/A       1%          2
 Momentum Strike          Conj/Tloc      84%        3d10      1%          2
 Dazzling Flash           Conj/Hex       100%       N/A       1%          3
 Volatile Blastmotes      Fire/Tloc      36%        2d13      2%          3
 Lesser Beckoning         Tloc           46%        N/A       3%          2
 Frozen Ramparts          Ice            26%        1d4       4%          3
 Gell's Gravitas          Tloc           23%        N/A       6%          3
 Teleport Other           Tloc           23%        N/A       6%          3
 Animate Armour           Summ/Erth      42%        N/A       24%         4
 Petrify                  Tmut/Erth      21%        N/A       24%         4
 Metabolic Englaciation   Hex/Ice        13%        N/A       41%         5
 Dispersal                Tloc           11%        N/A       97%         6
 Lehudib's Crystal Spear  Conj/Erth      22%        10d6      99%         8


Dungeon Overview and Level Annotations

Branches:
Dungeon (8/15)             Temple (0/1) D:6
   Lair: D:8-11

Altars:
Cheibriados
Elyvilon
Fedhas
Gozag
Makhleb
Qazlal
Sif Muna
Vehumet
Yredelemnul

Shops:
D:4 *   D:7 [

Annotations:
D:3 2 transporters
D:4 exclusion: sky beast


Message History

An electric eel comes into view.
Casting: Fulminant Prism (dangerous; 1% risk of failure)
Confirm with . or Enter, or press ? or * to list all spells.
Aiming: Fulminant Prism (dangerous; 1% risk of failure)
Press: ? - help, Dir - move target You conjure a prism of explosive energy!
A fulminant prism comes into view.
A bolt of electricity appears from out of your range of vision.
The bolt of electricity hits your fulminant prism.
Your fulminant prism resists.
Your fulminant prism crackles loudly.
A bolt of electricity appears from out of your range of vision.
The bolt of electricity hits your fulminant prism.
Your fulminant prism resists.
Your fulminant prism explodes!
The blast of energy engulfs the electric eel.
The electric eel is moderately wounded.
Casting: Fulminant Prism (dangerous; 1% risk of failure)
Confirm with . or Enter, or press ? or * to list all spells.
You can't see any susceptible monsters within range! (Use Z to cast anyway.)
Casting: Fulminant Prism (dangerous; 1% risk of failure)
Confirm with . or Enter, or press ? or * to list all spells.
Aiming: Fulminant Prism (dangerous; 1% risk of failure)
Press: ? - help, Dir - move target You conjure a prism of explosive energy!
A fulminant prism comes into view.
Your fulminant prism crackles loudly.
Casting: Fulminant Prism (dangerous; 1% risk of failure)
Confirm with . or Enter, or press ? or * to list all spells.
Aiming: Fulminant Prism (dangerous; 1% risk of failure)
Press: ? - help, Dir - move target You conjure a prism of explosive energy!
A fulminant prism comes into view.
The electric eel shoots out a bolt of lightning at you!
The bolt of electricity hits your fulminant prism.
Your fulminant prism resists.
The bolt of electricity hits you!
* * * LOW HITPOINT WARNING * * *
The bolt of electricity hits you!
You die...

##.####...##).
#....#...####.
#.......## ♣♣
#........♣
##......P♣
###......~~~~
##..........~.~~
##...............~
#@...*............
###..#>~~~~P~.....
##*#~~~~~~~P
##SP~~~P~~~
.♣~~PP≈≈≈
#.P~♣PPP≈ #.


You could see an electric eel (ally target) and 2 friendly fulminant prisms.

Vanquished Creatures
  A yak (D:6)
  A vampire mosquito (D:6)
  A steam dragon (D:6)
  3 black bears
  2 sky beasts
  A hornet zombie (D:6)
  An ice beast (D:5)
  An ogre (D:5)
  2 centaurs (D:6)
  A kobold brigand (D:8)
  A wyvern zombie (D:6)
  2 bullfrogs
  5 scorpions
  5 wights
  2 water moccasin zombies (D:6)
  2 howler monkeys
  2 jellies
  An electric eel (D:8)
  A centaur zombie (D:6)
  5 hounds
  An orc priest (D:8)
  2 sleepcaps
  Ijyb (D:4)
  A gnoll bouda (D:8)
  A centaur skeleton (D:6)
  9 iguanas
  7 orc wizards
  9 gnolls
  19 adders
  2 shadow imps
  2 white imps (D:6)
  2 worms (D:4)
  24 orcs
  8 ball pythons
  9 endoplasms
  4 giant cockroaches
  7 goblins
  2 hobgoblins
  8 jackals
  8 quokkas
  4 bats
  3 frilled lizards
  11 kobolds
  8 rats
192 creatures vanquished.

Vanquished Creatures (others)
  17 fulminant prisms
17 creatures vanquished.

Grand Total: 209 creatures vanquished

Notes
Turn   | Place    | Note
-------+----------+-------------------------------------------
     0 | D:1      | EiAlmux the Deep Elf Conjurer began the quest for the Orb.
     0 | D:1      | Reached XP level 1. HP: 10/10 MP: 6/6
   450 | D:1      | Found a faded altar of an unknown god.
   535 | D:1      | Reached XP level 2. HP: 16/16 MP: 5/8
   538 | D:1      | Learned a level 2 spell: Searing Ray
   929 | D:1      | Reached skill level 1 in Fighting
  1391 | D:2      | Reached XP level 3. HP: 20/20 MP: 3/9
  1561 | D:2      | Reached XP level 4. HP: 23/26 MP: 4/11
  1811 | D:2      | Reached skill level 4 in Spellcasting
  1820 | D:2      | Identified the +1 mace "Kanisu" {freeze, Fly rPois}
  2222 | D:2      | Reached skill level 5 in Conjurations
  2696 | D:3      | Found a transporter.
  2791 | D:3      | Reached XP level 5. HP: 30/30 MP: 5/13
  3154 | D:3      | Found a transporter.
  3770 | D:5      | Entered Level 5 of the Dungeon
  3774 | D:5      | Reached skill level 5 in Spellcasting
  3921 | D:4      | Reached XP level 6. HP: 35/35 MP: 11/15
  3987 | D:4      | Reached skill level 5 in Stealth
  4085 | D:4      | Found a shimmering blue altar of Sif Muna.
  4140 | D:4      | Found an opulent altar of Gozag.
  4140 | D:4      | Found a radiant altar of Vehumet.
  4146 | D:4      | Became a worshipper of Vehumet
  4167 | D:4      | Found Toycauhiust's Assorted Antiques.
  4170 | D:4      | Bought a scroll labelled SYOXAT EMEDERUNU for 27 gold
                  | pieces
  4170 | D:4      | Bought a brown potion for 24 gold pieces
  4252 | D:4      | Noticed Ijyb
  4260 | D:4      | Killed Ijyb
  4407 | D:4      | Found a stormy altar of Qazlal.
  4407 | D:4      | Noticed a sky beast
  4558 | D:4      | Reached skill level 1 in Hexes
  5182 | D:5      | Reached XP level 7. HP: 34/40 MP: 8/17
  5247 | D:5      | Reached skill level 6 in Spellcasting
  5572 | D:5      | Reached * piety under Vehumet
  5572 | D:5      | Offered knowledge of Foxfire by Vehumet.
  5577 | D:5      | Learned a level 3 spell: Stone Arrow
  5722 | D:5      | Reached skill level 1 in Earth Magic
  5762 | D:5      | Reached XP level 8. HP: 44/44 MP: 1/20
  6070 | D:5      | Found a basalt altar of Yredelemnul.
  6360 | D:5      | Found a blossoming altar of Fedhas.
  6414 | D:5      | Found a burning altar of Makhleb.
  6682 | D:6      | Reached skill level 7 in Spellcasting
  6687 | D:6      | Learned a level 4 spell: Fulminant Prism
  6734 | D:6      | Reached skill level 5 in Hexes
  6873 | D:6      | Found a staircase to the Ecumenical Temple.
  6908 | D:6      | Reached skill level 1 in Armour
  6908 | D:6      | Reached skill level 5 in Dodging
  7015 | D:6      | Reached skill level 1 in Translocations
  7628 | D:6      | Learned a level 2 spell: Blink
  7718 | D:6      | Reached XP level 9. HP: 48/48 MP: 14/22
  7722 | D:6      | Reached skill level 8 in Spellcasting
  7860 | D:6      | Offered knowledge of Sandblast by Vehumet.
  7860 | D:6      | Reached ** piety under Vehumet
  8428 | D:7      | Found Byupe Poo's Antique Armour Emporium.
  8433 | D:7      | Bought an ominously black robe for 153 gold pieces
  8433 | D:7      | Identified the +0 robe of Mukhluz {Rampage *Slow rElec}
                  | (You bought it in a shop on level 7 of the Dungeon)
  8438 | D:7      | Learned a level 4 spell: Iskenderun's Mystic Blast
  8685 | D:7      | Found a snail-covered altar of Cheibriados.
  9087 | D:7      | Found a white marble altar of Elyvilon.
  9091 | D:7      | Identified the +8 spear of Wezxejoo {flame, Contam rN++
                  | rCorr Str-2}
  9344 | D:8      | Reached skill level 9 in Spellcasting
  9631 | D:8      | Offered knowledge of Poisonous Vapours by Vehumet.
  9676 | D:8      | Reached skill level 10 in Spellcasting
  9678 | D:8      | Reached *** piety under Vehumet
  9853 | D:8      | HP: 2/48 [electric eel/bolt of electricity (15)]
  9853 | D:8      | Killed from afar by an electric eel

Illustrated notes

Levels and vault maps discovered:
D:1:      lemuel_arrival_lava_pool, layout_loops_corners,
          shapermc_ecumenical_altar_mp_ritualfount
D:2:      layout_basic, palyth_stone_intersect, nrook_uturn
D:3:      layout_loops_ring, gammafunk_ghost_abyssal_escape,
          minmay_misc_feat_more_columns
D:4:      layout_rooms, gammafunk_temple_overflow_statue, kennysheep_little_box,
          nicolae_qazlal_beasts_of_the_sky, serial_shops, kennysheep_mini,
          minmay_misc_feat_square, uniq_ijyb
D:5:      minmay_polygon_palace, layout_loops_ring, lemuel_doored_altar,
          old_standard_altar, amcnicky_altar_gilded
D:6:      kennysheep_windowed_halls, layout_cave_pools, temple_fountains,
          serial_undead, serial_undead_c, serial_undead_c, serial_undead_b,
          serial_undead_a
D:7:      layout_basic, kennysheep_mini_moat, nicolae_elyvilon_peaceful_grove,
          serial_shops, nicolae_shop_rolling_square
D:8:      layout_cave_pools, serial_bayou_ford_a, solitary_fountain

Skill      XL: |  1  2  3  4  5  6  7  8  9 |
---------------+----------------------------+-----
Fighting       | 1 2 |  2.0
Stealth        | 3 4 5 |  5.0
Spellcasting   | 4 5 6 7 10 | 10.2
Conjurations   | 5 6 7 9 |  9.3
Hexes          | 1 4 5 |  5.0
Dodging        | 3 4 5 |  5.0
Earth Magic    | 1 3 |  3.0
Armour         | 3 4 |  4.0
Translocations | 2 |  2.0

Action                     |  1- 3 |  4- 6 |  7- 9 || total
---------------------------+-------+-------+-------++-------
  Melee: Dagger            |       |     1 |       ||     1
         Mace              |       |       |    14 ||    14
         Punch             |       |       |     2 ||     2
   Cast: Magic Dart        |    55 |   132 |   122 ||   309
         Searing Ray       |       |    13 |    13 ||    26
         Stone Arrow       |       |       |    56 ||    56
         Fulminant Prism   |       |       |    19 ||    19
         Iskenderun's Myst |       |       |     1 ||     1
    Use: Scroll            |       |     3 |     6 ||     9
 Armour: Robe              |     2 |    21 |    58 ||    81
  Dodge: Dodged            |       |    21 |    32 ||    53
  Block: Other             |       |     8 |    17 ||    25
         Reflection        |       |     1 |     1 ||     2

Table legend: (Time is in decaauts)
 A = Elapsed time spent in this place.
 B = Non-inter-level travel time spent in this place.
 C = Inter-level travel time spent in this place.
 D = Time resting spent in this place.
 E = Time spent auto-exploring this place.
 F = Levels seen in this place.
 G = Mean time per level.
                   A        B        C        D        E       F      G
               +--------+--------+--------+--------+--------+-----+--------+
         Total |   9856 |   9618 |    238 |    141 |   8443 |   8 | 1232.0 |
       Dungeon |   9856 |   9618 |    238 |    141 |   8443 |   8 | 1232.0 |
               +--------+--------+--------+--------+--------+-----+--------+

Top non-repeatable levels by time:
     D:5: 1915 daAuts
     D:6: 1627 daAuts
     D:2: 1507 daAuts
     D:1: 1149 daAuts
     D:4: 1129 daAuts
     D:7: 1040 daAuts
     D:3: 932 daAuts
     D:8: 553 daAuts
